 Dungeon Crawl Stone Soup version 0.29.1-13-g9f3cf754e1 (webtiles) character file.

Game seed: 17527641421228500810

2 Descartes the Ducker (level 1, 10/10 HPs)
             Began as a Felid Monk on Jan 29, 2023.
             Got out of the dungeon alive.
             The game lasted 00:00:28 (182 turns).

Descartes the Ducker (Felid Monk)                    Turns: 182, Time: 00:00:28

Health: 10/10      AC:  1    Str:  7    XL:     1   Next: 33%
Magic:  2/2        EV: 19    Int: 11    God:
Gold:   13         SH:  0    Dex: 18    Spells: 0/0 levels left
                                        Lives:  0   Deaths: 0

rFire   . . .      SeeInvis +     - Unarmed
rCold   . . .      Faith    .   (shield unavailable)
rNeg    . . .      Spirit   .   (body armour unavailable)
rPois   .          Reflect  .   (helmet unavailable)
rElec   .          Harm     .   (cloak unavailable)
rCorr   .          Rampage  .   (gloves unavailable)
Will    .....                   (boots unavailable)
Stlth   ++........              (no amulet)
HPRegen 0.03/turn               (no ring)
MPRegen 0.08/turn               (no ring)

@: quick
A: very small, claws 1, fangs 3, see invisible, speed 1, shaggy fur 1, stealthy
paws, no weapons or thrown items, no armour, multi-lived
a: no special abilities


You escaped.
You visited 1 branch of the dungeon, and saw 1 of its levels.

You collected 13 gold pieces.

Inventory:

Potions
 a - a potion of ambrosia


   Skills:
 + Level 3.0 Fighting
 + Level 4.0 Dodging
 + Level 2.8 Stealth
 + Level 3.0 Unarmed Combat
 + Level 0.1 Evocations


You couldn't memorise any spells.
You didn't know any spells.
Your spell library was empty.

Dungeon Overview and Level Annotations

Branches:
Dungeon (1/15)

Altars:
Yredelemnul


Innate Abilities, Weirdness & Mutations

You have sharp claws.
You have razor-sharp teeth.
You have supernaturally acute eyesight. (SInv)
You cover ground quickly. (Speed+)
You are covered in fur. (AC +1)
Your paws help you pounce on unaware monsters.
You are incapable of wielding weapons or throwing items.
You cannot wear armour.
You gain extra lives every three experience levels.


Message History

You can now reap souls.
You can now recall your undead harvest.
Really renounce your faith, foregoing its fabulous benefits?
Are you sure?
You have lost your religion!
Yredelemnul does not appreciate desertion!
Yredelemnul reclaims your reaped souls!
A kobold comes into view. It is wielding a +0 dagger.
The kobold shouts!
Found 3 stones.
You scratch the kobold but do no damage.
The kobold closely misses you.
You scratch the kobold but do no damage.
Your bite misses the kobold. The kobold hits you with a +0 dagger.
You miss the kobold. The kobold barely misses you.
You closely miss the kobold. The kobold misses you.
You scratch the kobold but do no damage.
You bite the kobold, but do no damage. The kobold closely misses you.
You closely miss the kobold. You claw the kobold.
You kill the kobold!
No target in view!
No target in view!
No target in view!
No target in view!
No target in view!
No target in view!
No target in view!
No target in view!
No target in view!
No target in view!
HP restored.
You now have 13 gold pieces.
You open the door.
A kobold comes into view. It is wielding a +0 short sword.
There is an open door here.
A kobold is nearby!
You can't go up here!
There is an open door here.
There is a staircase leading out of the dungeon here.
Are you sure you want to leave the Dungeon?
This will make you lose the game!
You have escaped!

#...#~.≈# ≈≈#
#...#~.~#§§.#
#...#~.~#≈§.#
#...#...#...#
#...........#
#...........#
#(..........#
#...........#
#.....@.....#
#...........#
#############


There were no monsters in sight!

Vanquished Creatures
  A bat (D:1)
  A kobold (D:1)
2 creatures vanquished.

Notes
Turn   | Place    | Note
-------+----------+-------------------------------------------
     0 | D:1      | Descartes the Felid Monk began the quest for the Orb.
     0 | D:1      | Reached XP level 1. HP: 10/10 MP: 2/2
    16 | D:1      | Found a faded altar of an unknown god.
    24 | D:1      | Prayed at the altar of an unknown god.
    24 | D:1      | Became a worshipper of Yredelemnul the Dark
    24 | D:1      | Reached * piety under Yredelemnul
    24 | D:1      | Reached ** piety under Yredelemnul
    25 | D:1      | Fell from the grace of Yredelemnul
   182 | D:$      | Got out of the dungeon alive.

Illustrated notes

Levels and vault maps discovered:
D:1:      lightli_arrival_quake, layout_basic,
          hellmonk_ecumenical_altar_crossroads, st_stairs_4,
          minmay_tiny_reverse_x

Action                   || total
-------------------------++-------
Melee: Unarmed           ||     7
       Punch             ||     1
       Bite              ||     1
Invok: Renounce Religion ||     1
 Stab: Sleeping          ||     1
Dodge: Dodged            ||     4
